Map: Oxide LE

Players

NORTHAMERICA

  • Race: Protoss Protoss
  • League: Grandmaster
  • Spawn Location: 1:00

llllllllllll - Winner!

  • Race: Protoss Protoss
  • League: Master
  • Spawn Location: 7:00

VOD

Have the link to the VOD?

Description

Time

  • Played on: Nov. 10, 2020, 2:19 a.m.
  • Length: 6:44
Show
View Real Time Build Order
Export as new Build Order

NORTHAMERICA Protoss 

Build Orders:  

Get SALT Encoding   

  12  0:00  Probe  
  13  0:12  Probe  
  14  0:19  Pylon  
  14  0:24  Probe  
  15  0:37  Probe (Chrono Boost)  
  15  0:38  Gateway  
  16  0:48  Probe (Chrono Boost), Assimilator  
  17  0:52  Probe (Chrono Boost)  
  18  1:03  Probe  
  19  1:10  Assimilator  
  19  1:15  Probe  
  20  1:20  Pylon  
  20  1:25  Cybernetics Core  
  20  1:27  Probe  
  20  1:30  Zealot  
  23  1:39  Probe  
  24  1:45  Pylon  
  23  1:51  Probe  
  24  1:58  Stalker (Chrono Boost)  
  26  2:04  Probe  
  27  2:18  Pylon  
  26  2:31  Nexus  
  26  2:34  Warp Gate  
  26  2:36  Probe  
  27  2:43  Sentry  
  29  2:48  Probe  
  29  2:50  Pylon  
  30  3:00  Probe  
  31  3:12  Probe  
  32  3:18  Stalker (Chrono Boost)  
  34  3:32  Probe  
  31  3:44  Probe (Chrono Boost)  
  29  3:49  Nexus  
  29  3:51  Probe (Chrono Boost)  
  31  3:56  Probe (Chrono Boost)  
  31  4:00  Probe (Chrono Boost)  
  31  4:02  Probe (Chrono Boost)  
  32  4:04  Twilight Council  
  32  4:05  Probe (Chrono Boost)  
  34  4:13  Probe (Chrono Boost)  
  34  4:16  Gateway  
  35  4:17  Probe (Chrono Boost)  
  35  4:23  Sentry  
  39  4:27  Probe x2 (Chrono Boost)  
  40  4:32  Probe (Chrono Boost)  
  40  4:34  Blink (Chrono Boost)  
  40  4:35  Probe  
  40  4:36  Gateway  
  42  4:44  Probe  
  43  4:47  Probe, Sentry  
  46  4:56  Probe  
  46  4:57  Gateway  
  46  4:59  Probe  
  48  5:02  Probe  
  49  5:08  Probe  
  49  5:11  Probe  
  49  5:14  Probe, Gateway  
  52  5:15  Pylon  
  52  5:18  Gateway  
  52  5:20  Probe  
  53  5:23  Probe  
  53  5:24  Pylon  
  53  5:29  Stalker x2  
  53  5:31  Probe  
  53  5:34  Probe  
  55  5:37  Probe  
  56  5:45  Stalker  
  56  5:49  Probe  
  59  5:52  Pylon  
  59  5:53  Stalker  
  61  5:58  Robotics Facility  
  61  6:02  Stalker  
  61  6:08  Stalker  
  61  6:10  Probe  
  62  6:12  Pylon, Stalker x2  
  62  6:15  Probe  
  67  6:28  Nexus  
  67  6:33  Stalker  
Show
View Real Time Build Order
Export as new Build Order

llllllllllll Protoss - Winner!

Build Orders: Blink Stalkers 

Get SALT Encoding   

  12  0:00  Probe  
  13  0:12  Probe  
  14  0:17  Pylon  
  14  0:24  Probe (Chrono Boost)  
  15  0:36  Probe (Chrono Boost)  
  15  0:37  Gateway  
  16  0:45  Probe (Chrono Boost)  
  16  0:47  Assimilator  
  17  0:51  Probe  
  18  1:03  Probe (Chrono Boost)  
  19  1:08  Pylon  
  19  1:15  Probe (Chrono Boost)  
  20  1:20  Probe (Chrono Boost)  
  20  1:25  Zealot, Cybernetics Core  
  21  1:30  Assimilator  
  21  1:31  Probe  
  24  1:44  Probe  
  25  1:53  Pylon  
  25  1:56  Probe  
  25  2:00  Stalker (Chrono Boost)  
  18  2:01  Warp Gate  
  28  2:08  Probe  
  28  2:21  Stalker (Chrono Boost)  
  30  2:36  Nexus  
  30  2:39  Probe  
  31  2:50  Pylon  
  31  2:55  Gateway  
  31  3:08  Probe, Sentry  
  31  3:11  Twilight Council  
  34  3:20  Probe  
  35  3:32  Probe (Chrono Boost)  
  36  3:44  Probe (Chrono Boost)  
  35  3:49  Probe (Chrono Boost)  
  35  3:50  Stalker  
  35  3:51  Stalker  
  35  3:52  Probe (Chrono Boost)  
  35  3:53  Shield Battery, Blink (Chrono Boost)  
  39  3:59  Probe  
  40  4:03  Probe  
  41  4:10  Robotics Facility  
  41  4:11  Probe  
  41  4:15  Probe  
  43  4:17  Stalker  
  43  4:22  Stalker  
  47  4:25  Probe  
  47  4:27  Probe  
  47  4:31  Pylon  
  49  4:37  Probe  
  50  4:40  Pylon, Probe  
  50  4:42  Stalker  
  53  4:49  Probe  
  53  4:52  Probe  
  55  4:58  Gateway, Stalker  
  57  5:01  Observer  
  57  5:02  Probe  
  57  5:04  Probe  
  57  5:05  Assimilator  
  60  5:07  Stalker  
  62  5:15  Probe  
  62  5:16  Probe  
  64  5:25  Phoenix  
  64  5:28  Pylon  
  64  5:29  Stalker  
  64  5:30  Stalker  
  68  5:37  Nexus  
  68  5:40  Pylon  
  68  5:42  Probe x2  
  70  5:47  Forge  
  70  5:53  Pylon  
  70  6:04  Probe x2  
  72  6:09  Stalker x3  
  76  6:14  Pylon  
  76  6:16  Probe x2  
  76  6:17  Observer  
  79  6:20  Gateway  
  79  6:27  Gateway  
  79  6:30  Gateway  
  78  6:40  Stalker x3  
Tags
 
Composition
Blink Stalkers
Matchup
PvP
Spawn Locations
Cross Positions
Add a new tag
Caveats
  • Supply blocks, unpowered buildings, or Contaminate may cause inaccurate times.
  • Supply counts are checked every 10 seconds.